Map: Pillars of Gold LE

Players

Reynor - Winner!

  • Race: Zerg Zerg
  • Spawn Location: 1:00

INnoVation

  • Race: Terran Terran
  • Spawn Location: 7:00

Event: DreamHack SC2 Masters 2020 Summer Season Finals

VOD

Have the link to the VOD?

Description

Time

  • Played on: July 18, 2020, 10:57 a.m.
  • Length: 10:38

All games in this series

Show
View Real Time Build Order
Export as new Build Order

Reynor Zerg - Winner!

Build Orders: Hatch First 

Get SALT Encoding   

  12  0:00  Drone  
  13  0:13  Overlord  
  13  0:17  Drone  
  14  0:31  Drone x2  
  16  0:52  Hatchery  
  16  0:55  Drone  
  16  0:58  Drone  
  16  1:02  Drone  
  18  1:11  Extractor  
  17  1:20  Spawning Pool  
  17  1:22  Drone  
  17  1:26  Drone  
  17  1:30  Drone  
  19  1:39  Drone  
  20  1:49  Overlord  
  20  2:00  Drone  
  21  2:06  Queen  
  21  2:07  Queen  
  25  2:08  Zergling x2  
  25  2:12  Zergling x2  
  27  2:16  Drone  
  28  2:23  Drone  
  28  2:27  Drone  
  30  2:44  Hatchery, Drone x2  
  32  2:48  Drone  
  32  2:49  Drone  
  33  2:54  Metabolic Boost  
  33  2:59  Overlord  
  33  3:05  Queen  
  33  3:08  Drone  
  36  3:18  Drone x4  
  36  3:19  Drone  
  41  3:27  Overlord  
  41  3:29  Drone  
  41  3:32  Drone x2  
  44  3:45  Queen  
  44  3:46  Drone x2  
  48  3:49  Overlord  
  48  3:51  Zergling x4  
  48  3:53  Drone  
  51  4:00  Queen  
  53  4:03  Overlord  
  53  4:04  Zergling x4  
  53  4:05  Drone  
  53  4:07  Drone  
  57  4:15  Roach Warren, Overlord  
  57  4:16  Drone x2  
  58  4:22  Drone x2  
  60  4:24  Lair  
  60  4:26  Extractor  
  60  4:27  Drone  
  60  4:29  Drone x2  
  62  4:32  Queen  
  62  4:35  Drone  
  62  4:36  Zergling x2  
  62  4:37  Zergling x2  
  67  4:39  Drone  
  67  4:41  Drone  
  69  4:48  Overlord  
  69  4:51  Drone x2  
  69  4:52  Queen  
  73  4:58  Overlord  
  73  5:06  Drone  
  73  5:08  Roach x3, Spore Crawler  
  73  5:09  Roach x2  
  73  5:13  Spore Crawler x2  
  80  5:16  Drone x3  
  83  5:22  Roach  
  83  5:24  Drone x4  
  89  5:31  Drone  
  89  5:33  Overlord  
  90  5:37  Extractor  
  90  5:38  Drone  
  90  5:41  Overlord  
  90  5:47  Spore Crawler  
  89  5:51  Queen  
  89  5:53  Drone  
  89  5:54  Drone x7  
  97  5:59  Overlord, Extractor  
  97  6:01  Evolution Chamber  
  97  6:03  Drone  
  96  6:05  Glial Reconstitution, Drone x2  
  96  6:08  Extractor  
  96  6:09  Extractor  
  93  6:14  Drone x2  
  93  6:18  Drone  
  94  6:23  Spire  
  94  6:24  Queen  
  94  6:25  Drone x2  
  97  6:27  Drone  
  97  6:29  Zerg Missile Weapons Level 1  
  98  6:35  Hatchery  
  98  6:37  Roach x2, Zergling x2  
  102  6:40  Overlord  
  102  6:41  Drone x2  
  102  6:45  Spore Crawler  
  103  6:49  Drone x3  
  106  6:57  Overlord  
  106  6:59  Roach x4  
  106  7:00  Drone x4  
  118  7:08  Overlord  
  118  7:09  Roach x2  
  118  7:13  Overlord  
  122  7:17  Drone x2  
  122  7:18  Extractor  
  122  7:21  Overlord  
  119  7:38  Corruptor x9  
  119  7:40  Overlord  
  133  7:51  Overlord  
  133  7:53  Roach x5  
  133  7:58  Roach x5  
  151  8:02  Roach x2  
  157  8:06  Corruptor x2  
  157  8:08  Roach  
  165  8:13  Roach x3  
  165  8:17  Overlord  
  169  8:22  Roach x2  
  172  8:28  Ravager x3, Overlord  
  172  8:29  Overlord x2  
  172  8:30  Overlord  
  175  8:38  Ravager x4  
  175  8:39  Zergling x8  
  183  8:47  Zergling x14  
  183  8:48  Zergling x2  
  191  8:49  Roach x3  
  191  8:55  Roach x2, Zergling x4  
  189  8:57  Roach x3, Zergling x2  
  189  8:58  Corruptor  
  189  9:02  Corruptor  
  151  9:10  Corruptor x2  
  145  9:17  Corruptor  
  145  9:20  Zergling x2  
  145  9:21  Zergling x12  
  151  9:26  Corruptor x2  
  151  9:28  Zergling x8  
  154  9:32  Roach x2  
  154  9:35  Corruptor  
  154  9:37  Corruptor  
  160  9:41  Roach x2  
  160  9:42  Roach  
  166  9:47  Roach x3  
  166  9:49  Ravager  
  166  9:51  Roach, Zergling x4  
  179  9:53  Roach, Zergling x2  
  179  9:57  Corruptor  
  182  10:00  Roach x2, Zergling x2  
  177  10:09  Roach x4, Zergling x8  
  176  10:18  Roach x3, Zergling x2  
  176  10:21  Zergling x2  
Show
View Real Time Build Order
Export as new Build Order

INnoVation Terran 

Build Orders: Reaper Expand, Mech 

Get SALT Encoding   

  12  0:00  SCV  
  13  0:13  SCV  
  14  0:18  Supply Depot  
  14  0:25  SCV  
  15  0:41  SCV  
  16  0:44  Barracks  
  16  0:50  Refinery  
  16  0:55  SCV  
  17  1:07  SCV  
  18  1:19  SCV  
  19  1:31  Orbital Command  
  19  1:33  Reaper  
  20  1:50  Command Center  
  20  1:57  SCV  
  22  2:09  SCV  
  22  2:12  Supply Depot  
  22  2:16  Factory  
  22  2:21  SCV  
  22  2:22  Refinery  
  23  2:28  Barracks Reactor  
  23  2:34  SCV  
  24  2:46  SCV  
  25  2:58  SCV  
  26  3:02  Starport  
  26  3:03  Orbital Command  
  26  3:10  Hellion x2, SCV  
  31  3:13  Marine  
  32  3:23  SCV  
  32  3:26  Supply Depot  
  33  3:31  Marine, SCV  
  33  3:32  Hellion  
  33  3:34  Hellion  
  39  3:40  Fusion Core  
  39  3:44  SCV  
  39  3:45  SCV  
  39  3:47  Starport Tech Lab  
  41  3:57  SCV x2  
  43  4:08  Command Center  
  43  4:09  SCV x2  
  45  4:17  Supply Depot  
  45  4:21  SCV x2  
  53  4:31  Battlecruiser  
  53  4:34  SCV  
  54  4:38  SCV  
  54  4:40  Supply Depot  
  54  4:41  Hellion  
  54  4:44  Hellion  
  59  4:47  SCV  
  59  4:50  SCV  
  59  4:52  Refinery x2  
  61  4:55  Supply Depot  
  61  4:59  Weapon Refit  
  61  5:03  Hellion  
  61  5:06  Hellion  
  64  5:08  SCV x2  
  66  5:20  SCV x2  
  66  5:21  Orbital Command  
  72  5:28  Hellion x2  
  72  5:35  Battlecruiser  
  78  5:37  SCV x2  
  78  5:40  Supply Depot  
  80  5:49  Orbital Command  
  80  5:51  Factory  
  80  5:52  SCV x2  
  70  6:04  SCV  
  70  6:05  SCV  
  72  6:14  Factory  
  72  6:15  SCV  
  72  6:16  SCV  
  71  6:19  SCV  
  72  6:27  SCV  
  72  6:29  SCV  
  72  6:31  SCV  
  75  6:35  Armory x2  
  75  6:38  Refinery x2  
  76  6:40  SCV  
  76  6:41  SCV  
  76  6:43  Battlecruiser  
  76  6:45  Factory Tech Lab  
  85  6:47  Hellion x2  
  85  6:48  SCV  
  85  6:52  SCV  
  85  6:53  Engineering Bay  
  89  6:57  Supply Depot  
  89  7:00  SCV x2  
  91  7:04  SCV  
  91  7:06  Factory Tech Lab  
  91  7:07  Siege Tank  
  95  7:10  Supply Depot  
  95  7:15  SCV x2  
  97  7:16  SCV  
  97  7:21  Missile Turret  
  98  7:25  Missile Turret  
  98  7:28  Terran Vehicle Weapons Level 1, Terran Vehicle And Ship Armor Level 1  
  98  7:29  Siege Tank  
  101  7:31  SCV x3  
  104  7:43  Supply Depot, SCV x3  
  107  7:50  Missile Turret  
  107  7:53  Siege Tank  
  107  7:55  SCV x3  
  107  7:56  Missile Turret  
  113  7:58  Missile Turret  
  113  8:01  Siege Tank  
  113  8:02  Supply Depot  
  116  8:07  Barracks Reactor  
  116  8:09  Factory  
  116  8:10  Factory, SCV  
  116  8:11  Supply Depot, SCV  
  116  8:12  SCV  
  119  8:25  Siege Tank, Supply Depot  
  122  8:33  Siege Tank, Missile Turret x2  
  125  8:34  Missile Turret  
  125  8:35  Hellion x2  
  129  8:42  Missile Turret  
  129  8:49  Missile Turret  
  129  8:50  SCV x2  
  129  8:51  SCV  
  129  8:54  Missile Turret  
  124  8:59  Siege Tank x2  
  124  9:02  SCV  
  118  9:03  SCV x2  
  118  9:05  Siege Tank  
  101  9:14  Hellion x2  
  101  9:15  Hellion x2  
  101  9:16  SCV x3  
  100  9:28  SCV x3  
  98  9:34  Missile Turret  
  98  9:37  Siege Tank  
  101  9:43  Siege Tank  
  101  9:44  Siege Tank  
  107  9:51  Missile Turret  
  107  9:52  Missile Turret  
  107  10:07  Command Center  
  96  10:26  SCV x3  
Tags
 
Add a new tag
Caveats
  • Supply blocks, unpowered buildings, or Contaminate may cause inaccurate times.
  • Supply counts are checked every 10 seconds.